 Dungeon Crawl Stone Soup version 0.17-a0-776-gd86b262 (webtiles) character file.

1201 drugsrobin the Basher (level 8, -3/58 HPs)
             Began as a Human Chaos Knight on Apr 24, 2015.
             Slain by a troll (5 damage)
             ... on level 6 of the Dungeon.
             The game lasted 00:08:33 (5233 turns).

drugsrobin the Basher (Human Chaos Knight)          Turns: 5233, Time: 00:08:33

Health: -3/58      AC:  6    Str: 14    XL:     8   Next: 72%
Magic:  8/8        EV: 11    Int: 13    God:    Xom [...*..]
Gold:   212        SH:  0    Dex: 13    Spells: 0 memorised, 7 levels left

rFire  . . .     SeeInvis .     b - +0 mace (chaos)
rCold  . . .     Clarity  .     x - +2 leather armour
rNeg   . . .     SustAb   .     (no shield)
rPois  .         Gourm    +     (no helmet)
rElec  .         Spirit   .     (no cloak)
rCorr  .         Warding  .     (no gloves)
rMut   .         Stasis   .     (no boots)
MR     .....                    t - amulet of the gourmand
Stlth  +.........               (no ring)
                                (no ring)

@: not resistant to hostile enchantments, very unstealthy
A: molten scales 1, blurry vision 1
a: Renounce Religion


You were on level 6 of the Dungeon.
You worshipped Xom.
You were a favourite toy of Xom.
You were completely stuffed.

You visited 1 branch of the dungeon, and saw 6 of its levels.

You collected 212 gold pieces.

Inventory:

Hand weapons
 a - a +1 whip of freezing
 b - a +0 mace of chaos (weapon)
 f - a +0 hand crossbow
Armour
 g - a +0 ring mail
 x - a +2 leather armour (worn)
Jewellery
 t - an amulet of the gourmand (around neck)
Scrolls
 e - 3 scrolls of teleportation
 h - 4 scrolls of remove curse {@r1}
 j - a scroll of recharging
 k - 3 scrolls of identify {unknown}
 o - a scroll of noise {unknown}
 q - a scroll of enchant weapon {unknown}
 s - a scroll of immolation {unknown}
 u - a scroll of fog {unknown}
 v - a scroll of fear {unknown}
Potions
 d - 2 potions of mutation {unknown}
 i - a potion of haste {unknown}
 l - a potion of agility {unknown}
 m - a potion of lignification {unknown}
 n - a potion of invisibility {unknown}
 p - a potion of magic {unknown}
 w - a potion of brilliance {unknown}
Books
 r - a book of Burglary

   Spells                             Type                      Level
   a - Swiftness                      Charms/Air                   2
   b - Passwall                       Transmutation/Earth          3
   c - Passage of Golubria            Translocation                4
   d - Lee's Rapid Deconstruction     Earth                        5
   e - Invisibility                   Hexes                        6
   f - Darkness                       Hexes                        7
Comestibles
 c - 5 bread rations


   Skills:
 - Level 3.0 Fighting
 + Level 10.2 Maces & Flails
 - Level 2.0 Armour
 - Level 1.0 Dodging


You had 7 spell levels left.
You didn't know any spells.

Dungeon Overview and Level Annotations

Branches:
Dungeon (6/15)             Temple (0/1) D:5

Altars:
Elyvilon
Makhleb
The Shining One


Innate Abilities, Weirdness & Mutations

You are partially covered in molten scales (AC +1).
Scrolls take you a little longer to read.


Message History

You closely miss the troll.
The troll is heavily wounded.
The troll bites you but does no damage. The troll claws you.
The troll closely misses you.
You hit the troll.
The troll is severely wounded.
The troll bites you. The troll claws you. The troll closely misses you.
You hit the troll.
The troll seems to slow down.
The troll is severely wounded.
You closely miss the troll.
The troll is severely wounded.
The troll bites you!
* * * LOW HITPOINT WARNING * * *
The troll closely misses you. The troll barely misses you.
You barely miss the troll.
The troll is severely wounded.
The troll bites you!
* * * LOW HITPOINT WARNING * * *
The troll claws you.
You die...

,,,,, * #.# *,
,*,**********## #.# ,* ,,,,
,,,, ,,,.# #.# *,*
.,***####** * .# #..
..##,,..# *$# ### * .....
#.# ###.## ########
.......#.####....# #..[..p.
*, ............T....#
#.###### ,
.#####.##.###@...# #.#
,,,,..,,#.#.#)#.## #.#
***,**## ,#.#§#.#.# #.#
***, *##..#.#§..#.# #)# ,,,
,........§..#.# #.# *** *
*##..#.###.#.#######.#
**,*,o....................#
, ,,
,**##.#.#.............#
****,,
,...#.O.P.PP.......<#


You could see a troll.

Vanquished Creatures
  Pikel (D:6)
  Sigmund (D:5)
  2 slaves (D:6)
  A sky beast (D:5)
  An ogre (D:6)
  A giant frog (D:4)
  Ijyb (D:2)
  3 worker ants (D:4)
  Terence (D:3)
  Natasha (D:3)
  6 gnolls
  4 adders
  2 worms
  A giant gecko (D:4)
  2 orcs
  A ball python (D:3)
  2 bats
  2 bat zombies
  4 giant cockroaches
  15 goblins
  13 hobgoblins
  4 jackals (D:6)
  2 quokkas
  A giant newt (D:3)
  A jackal skeleton (D:4)
  8 kobolds
  11 rats
92 creatures vanquished.

Vanquished Creatures (others)
  3 butterflies (D:2)
3 creatures vanquished.

Grand Total: 95 creatures vanquished

Notes
Turn   | Place    | Note
--------------------------------------------------------------
     0 | D:1      | drugsrobin, the Human Chaos Knight, began the quest for the Orb.
     0 | D:1      | Reached XP level 1. HP: 18/18 MP: 1/1
    94 | D:1      | XOM: silly message
   166 | D:1      | XOM: harmless Erth miscast
   241 | D:1      | Reached XP level 2. HP: 24/24 MP: 2/2
   268 | D:1      | XOM: harmless Chrm miscast
   702 | D:2      | XOM: blink monster(s)
   703 | D:2      | XOM: mild Chrm miscast
   712 | D:1      | Reached skill level 4 in Maces & Flails
   712 | D:1      | Reached XP level 3. HP: 15/29 MP: 3/3
   910 | D:1      | XOM: divination: detect creatures
   984 | D:2      | Reached XP level 4. HP: 31/35 MP: 4/4
  1062 | D:2      | XOM: butterfly on damage
  1182 | D:1      | XOM: colour smoke trail
  1243 | D:2      | XOM: noise
  1285 | D:2      | Found a burning altar of Makhleb.
  1352 | D:2      | Reached skill level 5 in Maces & Flails
  1558 | D:2      | Noticed Ijyb
  1569 | D:2      | Killed Ijyb
  1569 | D:2      | Reached XP level 5. HP: 39/41 MP: 5/5
  1942 | D:3      | XOM: mild Hex miscast
  2146 | D:3      | Noticed Terence
  2153 | D:3      | XOM: blink monster(s)
  2154 | D:3      | Killed Terence
  2154 | D:3      | Reached skill level 6 in Maces & Flails
  2257 | D:3      | Noticed Natasha
  2260 | D:3      | Killed Natasha
  2260 | D:3      | Reached XP level 6. HP: 26/47 MP: 6/6
  2449 | D:3      | XOM: mild Air miscast
  2548 | D:3      | XOM: give mutation
  2548 | D:3      | Gained mutation: Scrolls take you a little longer to read. [Xom's mischief]
  2778 | D:3      | XOM: harmless Conj miscast
  3061 | D:4      | XOM: noise
  3183 | D:4      | Reached skill level 7 in Maces & Flails
  3230 | D:4      | XOM: harmless Conj miscast
  3273 | D:4      | XOM: medium Erth miscast
  3306 | D:4      | XOM: mild Air miscast
  3636 | D:4      | XOM: mild Pois miscast
  3656 | D:4      | Reached XP level 7. HP: 40/52 MP: 7/7
  3780 | D:4      | Found a glowing golden altar of the Shining One.
  3820 | D:4      | XOM: harmless Conj miscast
  3846 | D:4      | XOM: harmless Tloc miscast
  3875 | D:4      | Noticed a steam dragon
  3875 | D:4      | an iguana changed into a steam dragon
  3875 | D:4      | XOM: polymorph iguana -> steam dragon
  3878 | D:4      | Noticed a fire bat
  3878 | D:4      | a steam dragon changed into a fire bat
  3878 | D:4      | XOM: polymorph steam dragon -> fire bat
  3879 | D:5      | Entered Level 5 of the Dungeon
  3880 | D:5      | HP: 2/52 [poisoned by a worker ant]
  3887 | D:5      | HP: 2/52 [poisoned by a worker ant]
  3895 | D:5      | HP: 1/52 [poisoned by a worker ant]
  4229 | D:5      | XOM: god gift: hand crossbow {god gift}
  4301 | D:5      | Found a white marble altar of Elyvilon.
  4301 | D:5      | Noticed Sigmund
  4317 | D:5      | Killed Sigmund
  4317 | D:5      | Reached skill level 8 in Maces & Flails
  4379 | D:5      | XOM: 1-stop teleportation journey
  4410 | D:5      | Found a staircase to the Ecumenical Temple.
  4433 | D:5      | XOM: harmless Air miscast
  4442 | D:6      | XOM: noise
  4458 | D:6      | XOM: confuse monster(s)
  4637 | D:6      | XOM: divination: detect creatures
  4638 | D:6      | Gained mutation: You are partially covered in molten scales (AC +1). [mutagenic meat]
  4640 | D:6      | Gained mutation: Your mind is acute. (Int +2) [mutagenic meat]
  4641 | D:6      | Lost mutation: Your mind is acute. (Int +2) [mutagenic meat]
  4712 | D:6      | XOM: smoke on damage
  4740 | D:6      | XOM: enchant monster (good)
  4992 | D:6      | Noticed Pikel
  4993 | D:6      | XOM: divination: magic mapping
  4995 | D:6      | XOM: smoke on damage
  5004 | D:6      | XOM: summons 2 friendly demons
  5006 | D:6      | Killed Pikel
  5006 | D:6      | Reached skill level 10 in Maces & Flails
  5006 | D:6      | Reached XP level 8. HP: 18/58 MP: 8/8
  5204 | D:6      | XOM: divination: magic mapping
  5209 | D:6      | XOM: smoke on damage
  5220 | D:6      | Noticed a troll
  5233 | D:6      | HP: 2/58 [troll (14)]
  5233 | D:6      | Slain by a troll

Action                   |  1- 3 |  4- 6 |  7- 9 || total
-------------------------+-------+-------+-------++-------
Melee: Mace              |    53 |   186 |   118 ||   357
  Use: Potion            |       |     1 |     4 ||     5
       Scroll            |       |     5 |       ||     5
 Stab: Paralysed         |       |     2 |     3 ||     5
       Petrified         |       |     1 |       ||     1
       Confused          |       |     1 |     2 ||     3
       Petrifying        |       |     1 |       ||     1
  Eat: Chunk             |       |     6 |     9 ||    15
       Meat ration       |       |     1 |       ||     1
       Bread ration      |       |     1 |       ||     1
       Beef jerky        |       |     1 |       ||     1
